 Dungeon Crawl Stone Soup version 0.29.1-15-g9cfb28693d (webtiles) character file.

Game seed: 5553032142923501876

87 Heoruswealwe the Magician (level 4, -7/23 (24) HPs)
             Began as a Deep Elf Earth Elementalist on Apr 3, 2023.
             Mangled by Crazy Yiuf
             ... wielding a +4 quarterstaff of chaos
              (15 damage)
             ... on level 2 of the Dungeon.
             The game lasted 00:17:33 (1368 turns).

Heoruswealwe the Magician (DEEE)                    Turns: 1368, Time: 00:17:34

HP:   -7/23 (24)    AC:  2    Str:  5    XL:     4   Next: 28%
MP:   9/12          EV: 12    Int: 22    God:
Gold: 83            SH:  0    Dex: 15    Spells: 2/12 levels left

rFire   . . .      SeeInvis .   c - staff of earth
rCold   . . .      Faith    .   (no shield)
rNeg    . . .      Spirit   .   a - +0 robe
rPois   .          Reflect  .   (no helmet)
rElec   .          Harm     .   (no cloak)
rCorr   +          Rampage  .   (no gloves)
Will    .....                   (no boots)
Stlth   ++........              (no amulet)
HPRegen 0.07/turn               j - ring of resist corrosion
MPRegen 0.13/turn               (no ring)

@: lightly drained
A: no striking features
a: no special abilities


You were on level 2 of the Dungeon.
You visited 1 branch of the dungeon, and saw 2 of its levels.

You collected 83 gold pieces.

Inventory:

Armour
 a - a +0 robe (worn)
Magical Staves
 c - a staff of earth (weapon)
Jewellery
 j - a ring of resist corrosion (left hand)
Scrolls
 e - a scroll of blinking {unknown}
 f - a scroll of teleportation
 h - 2 scrolls of enchant weapon
 m - a scroll of identify
Potions
 b - a potion of magic
 d - a potion of degeneration {unknown}
 g - a potion of invisibility {unknown}
 i - 2 potions of heal wounds {unknown}
 k - 2 potions of curing {unknown}
 l - a potion of ambrosia {unknown}


   Skills:
 - Level 2.4 Dodging
 - Level 2.4 Stealth
 + Level 4.9 Spellcasting
 - Level 1.1 Transmutations
 + Level 4.6 Earth Magic


You had 2 spell levels left.
You knew the following spells:

 Your Spells              Type           Power      Damage    Failure   Level
a - Sandblast             Erth           76%        2d16      1%          1
b - Stone Arrow           Conj/Erth      46%        3d9       12%         3
c - Petrify               Tmut/Erth      27%        N/A       30%         4
z - Passwall              Tmut/Erth      22%        N/A       4%          2

Your spell library contained the following spells:

 Spells                   Type           Power      Damage    Failure   Level
 Beastly Appendage        Tmut           20%        N/A       6%          1
 Wereblood                Tmut           10%        N/A       10%         2
 Summon Small Mammal      Summ           20%        N/A       11%         1
 Spider Form              Tmut/Pois      7%         N/A       24%         3
 Call Canine Familiar     Summ           5%         N/A       30%         3
 Summon Guardian Golem    Hex/Summ       5%         N/A       30%         3
 Cause Fear               Hex            2%         N/A       71%         4
 Dragon Form              Tmut           5%         N/A       100%        7
 Malign Gateway           Summ/Tloc      2%         N/A       100%        7
 Summon Horrible Things   Summ           2%         N/A       100%        8
 Dragon's Call            Summ           2%         N/A       100%        9


Dungeon Overview and Level Annotations

Branches:
Dungeon (2/15)

Altars:

Shops:
D:1 *

Annotations:
D:2 Crazy Yiuf


Message History

You feel a surge of power!
The blast of sand hits the goblin!
You kill the goblin!
Things that are here:
a +0 club; a goblin corpse You now have 83 gold pieces (gained 14).
Your magical contamination has completely faded away.
A goblin comes into view. It is wielding a +0 club.
Found a sling.
You feel a surge of power!
The blast of sand misses the goblin.
The goblin shouts!
You feel a surge of power!
The blast of sand hits the goblin!
You kill the goblin!
You see here a +0 club.
You pick up a Grand Grimoire and begin reading...
You add the spells Malign Gateway and Summon Horrible Things to your library.
Found a scroll of identify.
You see here a +0 sling.
m - a scroll of identify
Found a hammer.
Found a runed translucent door.
Crazy Yiuf shouts!
You open the door.
You feel a surge of power!
The blast of sand misses Crazy Yiuf.
Crazy Yiuf closely misses you.
Crazy Yiuf flaps his cloak.
Crazy Yiuf hits you with a +4 quarterstaff of chaos.
Crazy Yiuf burns you.
You feel a surge of power!
The blast of sand misses Crazy Yiuf.
Crazy Yiuf hits you with a +4 quarterstaff of chaos!
You feel drained.
You are too injured to fight recklessly!
Casting: Sandblast (safe; 1% risk of failure)
Confirm with . or Enter, or press ? or * to list all spells.
Aiming: Sandblast (safe; 1% risk of failure)
Press: ? - help, Shift-Dir - straight line, f/p - Crazy Yiuf
Aim: Crazy Yiuf, wielding a +4 quarterstaff of chaos and wearing a +0 cloak (86% to hit)
You feel a surge of power!
The blast of sand hits Crazy Yiuf!
Crazy Yiuf is severely wounded.
Crazy Yiuf hits you with a +4 quarterstaff of chaos!
Ouch! That really hurt!
You die...

# #.# #.# ####.# #.#
.....# #.# ####### ###
....... #######
##♣♣♣♣♣ #####
###...♣.♣♣♣ ###
....###......♣..♣#...#
###........♣♣♣♣♣@g...#
#..##.#..♣ ♣♣#..)#
#..#####♣♣ ### ....#
######


You could see Crazy Yiuf.

Vanquished Creatures
  Natasha (D:2)
  An adder (D:2)
  8 bats
  6 endoplasms
  A giant cockroach (D:1)
  5 goblins
  4 hobgoblins
  3 jackals (D:2)
  2 quokkas
  8 ball pythons
  4 frilled lizards (D:1)
  2 kobolds (D:1)
  5 rats
50 creatures vanquished.

Notes
Turn   | Place    | Note
-------+----------+-------------------------------------------
     0 | D:1      | Heoruswealwe the Deep Elf Earth Elementalist began the
                  | quest for the Orb.
     0 | D:1      | Reached XP level 1. HP: 10/10 MP: 6/6
   103 | D:1      | Reached XP level 2. HP: 15/15 MP: 0/8
   106 | D:1      | Learned a level 2 spell: Passwall
   366 | D:1      | Found Tam Hiops's Assorted Antiques.
   497 | D:1      | Reached XP level 3. HP: 18/19 MP: 3/10
   501 | D:1      | Learned a level 3 spell: Stone Arrow
   801 | D:2      | Noticed Natasha
   805 | D:2      | Killed Natasha
   970 | D:2      | Reached XP level 4. HP: 24/24 MP: 10/12
   975 | D:2      | Learned a level 4 spell: Petrify
  1361 | D:2      | Found a runed translucent door.
  1362 | D:2      | Noticed Crazy Yiuf
  1368 | D:2      | Mangled by Crazy Yiuf

Illustrated notes

Levels and vault maps discovered:
D:1:      evilmike_arrival_fibonacci_small, layout_basic, serial_shops,
          nicolae_lakefront_shop
D:2:      layout_basic, dk_noncrumbling_3, uniq_natasha, uniq_crazy_yiuf_cottage

Skill      XL: |  1  2 |
---------------+-------+-----
Spellcasting   | 4 |  4.9
Earth Magic    | 4 |  4.6
Dodging        | |  2.4
Stealth        | |  2.4
Transmutations | |  1.1

Action                   |  1- 3 |  4- 6 || total
-------------------------+-------+-------++-------
 Cast: Sandblast         |    49 |    15 ||    64
       Passwall          |     5 |       ||     5
  Use: Scroll            |     4 |       ||     4
Armor: Robe              |     3 |     2 ||     5
Dodge: Dodged            |     3 |     4 ||     7
